 Dungeon Crawl Stone Soup version 0.29-a0-2-g12fcac58f8 (webtiles) character file.

Game seed: 8202527381963608567

1 testman the Magician (level 1, 0/15 HPs)
             Began as a Djinni Hedge Wizard on Jan 26, 2022.
             Slain by a kobold (2 damage)
             ... on level 1 of the Dungeon.
             The game lasted 00:01:12 (113 turns).

testman the Magician (Djinni Hedge Wizard)           Turns: 113, Time: 00:01:12

Health: 0/15       AC:  2    Str:  9    XL:     1   Next: 22%
Gold:   0          EV: 12    Int: 15    God:
                   SH:  0    Dex: 12

rFire   + + .      SeeInvis .   a - +0 dagger
rCold   x . .      Faith    .   (no shield)
rNeg    . . .      Spirit   .   b - +0 robe
rPois   ∞          Reflect  .   c - +0 hat
rElec   .          Harm     .   (no cloak)
rCorr   .          Rampage  .   (no gloves)
Will    .....                   (boots unavailable)
Stlth   ++........              (no amulet)
HPRegen 0.05/turn               (no ring)
MPRegen 0.00/turn               (no ring)

@: flying
A: sickness immunity, fire resistance 2, cold vulnerability 1, float, innate
caster, hp casting, extra vitality 1
a: no special abilities


You were on level 1 of the Dungeon.
You visited 1 branch of the dungeon, and saw 1 of its levels.

Inventory:

Hand Weapons
 a - a +0 dagger (weapon)
Missiles
 d - 17 stones
Armour
 b - a +0 robe (worn)
 c - a +0 hat (worn)


   Skills:
 + Level 0.2 Fighting
 - Level 2.1 Dodging
 - Level 1.5 Stealth
 + Level 2.4 Spellcasting


You couldn't memorise any spells.
You knew the following spells:

 Your Spells              Type           Power      Damage    Failure   Level
a - Magic Dart            Conj           36%        1d4       8%          1
b - Blink                 Tloc           18%        N/A       12%         2
c - Call Imp              Summ           9%         N/A       12%         2
d - Slow                  Hex            36%        N/A       8%          1
e - Conjure Flame         Conj/Fire      9%         6-21      24%         3
f - Mephitic Cloud        Conj/Pois/Air  9%         N/A       24%         3
Your spell library was empty.

Dungeon Overview and Level Annotations

Branches:
Dungeon (1/15)

Altars:


Innate Abilities, Weirdness & Mutations

You are immune to sickness and miasma.
You are immune to poison.
Your flesh is very heat resistant. (rF++)
You are vulnerable to cold. (rC-)
You float through the air rather than walking.
You learn spells naturally, not from books.
Your magical power is your life essence.
You have superior vitality. (+4 MHP)


Message History

The kobold is moderately wounded.
An endoplasm comes into view.
Aiming: Magic Dart (safe; 8% risk of failure)
Press: ? - help, Q - select action, (/) - cycle Shift-Dir - straight line, f/p - kobold
Aim: a kobold, wielding a +0 short sword (moderately wounded, 100% to hit)
The magic dart hits the kobold.
The kobold is severely wounded.
The endoplasm quivers.
You barely miss the kobold.
The kobold is severely wounded.
The kobold hits you but does no damage.
You hit the kobold but do no damage.
The kobold is moderately wounded.
The kobold hits you with a +0 short sword.
You are too injured to fight recklessly!
You are too injured to fight recklessly!
You are too injured to fight recklessly!
You closely miss the kobold.
The kobold is moderately wounded.
The kobold hits you with a +0 short sword.
You barely miss the kobold.
The kobold is moderately wounded.
The kobold hits you with a +0 short sword.
* * * LOW HITPOINT WARNING * * *
Your magical contamination has completely faded away.
You miss the kobold.
The kobold is moderately wounded.
The kobold completely misses you.
The endoplasm jiggles.
Casting: Magic Dart (safe; 8% risk of failure)
Confirm with . or Enter, or press ? or * to list all spells.
Okay, then.
Aiming: Magic Dart (safe; 8% risk of failure)
Press: ? - help, Q - select action, (/) - cycle Shift-Dir - straight line, f/p - kobold
Aim: a kobold, wielding a +0 short sword (100% to hit)
The magic dart hits the kobold but does no damage.
* * * LOW HITPOINT WARNING * * *
You hit the kobold but do no damage.
The kobold hits you with a +0 short sword.
You die...

### ######<######
#...........#
#####+####'####+#
........#..#
########.#.####.)#
..................
........##########
.......@#
.......K###
........J.#
........#.#
........#.#
........#.#
#########.#
#.#########
#...J.....#


You could see an endoplasm and a kobold.

Vanquished Creatures
  A hobgoblin (D:1)
1 creature vanquished.

Notes
Turn   | Place    | Note
-------+----------+-------------------------------------------
     0 | D:1      | testman the Djinni Hedge Wizard began the quest for the
                  | Orb.
     0 | D:1      | Reached XP level 1. HP: 15/15 MP: 0/0
   113 | D:1      | Slain by a kobold

Illustrated notes

Levels and vault maps discovered:
D:1:      minmay_arrival_three_doors, layout_basic, serial_shops,
          nicolae_shop_hallway_stairs

Action                   || total
-------------------------++-------
Melee: Dagger            ||     7
 Cast: Magic Dart        ||     6
Armor: Robe              ||     1
Dodge: Dodged            ||     1

Table legend: (Time is in decaauts)
 A = Elapsed time spent in this place.
 B = Non-inter-level travel time spent in this place.
 C = Inter-level travel time spent in this place.
 D = Time resting spent in this place.
 E = Time spent auto-exploring this place.
 F = Levels seen in this place.
 G = Mean time per level.
                   A        B        C        D        E       F      G
               +--------+--------+--------+--------+--------+-----+--------+
         Total |    113 |    113 |      0 |      0 |     71 |   1 |  113.0 |
       Dungeon |    113 |    113 |      0 |      0 |     71 |   1 |  113.0 |
               +--------+--------+--------+--------+--------+-----+--------+

Top non-repeatable levels by time:
     D:1: 113 daAuts
